 Dungeon Crawl Stone Soup version 0.21.0-3-g78d12a8 (webtiles) character file.

62409 Inarius the Gelid (level 14, 0/99 HPs)
             Began as a Yellow Draconian Ice Elementalist on Jan 10, 2018.
             Was the Champion of Hepliaklqana.
             Slain by a skeletal warrior
             ... wielding a +0 halberd
             ... led by a skeletal warrior
              (26 damage)
             ... on level 12 of the Dungeon on Jan 11, 2018.
             The game lasted 01:52:02 (23569 turns).

Inarius the Gelid (DrIE)                           Turns: 23569, Time: 01:52:03

Health: 0/99       AC: 13    Str: 11    XL:     14   Next: 64%
Magic:  27/27      EV: 15    Int: 23    God:    Hepliaklqana [******]
Gold:   1279       SH:  4    Dex: 11    Spells: 9/31 levels left

rFire    . . .     SeeInvis +   n - +6 whip (elec)
rCold    . . .     Gourm    .   U - +0 buckler
rNeg     . . .     Faith    .   (armour unavailable)
rPois    .         Spirit   .   C - +2 hat {SInv}
rElec    .         Reflect  .   x - +0 cloak
rCorr    +         Harm     .   (no gloves)
MR       ++...                  T - +1 pair of boots
Stlth    ++........             s - amulet of magic regeneration
HPRegen  0.26/turn              A - ring of protection from magic
MPRegen  0.45/turn              o - +2 ring of intelligence

@: no status effects
A: spit acid, acid resistance, unfitting armour, reduced essence, horns 1, wild
magic 1, acidic bite, cold-blooded, AC +8
a: Breathe Acid, Recall Ancestor, Ancestor Identity, Transference, Idealise,
Renounce Religion


You were on level 12 of the Dungeon.
You worshipped Hepliaklqana.
Hepliaklqana was exalted by your worship.
You were not hungry.

You visited 3 branches of the dungeon, and saw 20 of its levels.
You also visited: Labyrinth, Bailey and Volcano.

You collected 1279 gold pieces.

Inventory:

Hand Weapons
 n - a +6 whip of electrocution (weapon)
 V - a +2 lajatang of protection
Armour
 x - a +0 cloak (worn)
 C - a +2 hat of see invisible (worn)
 T - a +1 pair of boots (worn)
 U - a +0 buckler (worn)
Magical Staves
 P - an uncursed staff of poison
Jewellery
 j - an uncursed ring of protection from fire
 o - a +2 ring of intelligence (right hand)
 s - an amulet of magic regeneration (around neck)
 y - a +3 ring of dexterity
 A - a ring of protection from magic (left hand)
 I - an uncursed ring of fire
Wands
 e - a wand of polymorph (17)
 m - a wand of random effects (78)
 q - a wand of iceblast (32)
 t - a wand of disintegration (15)
 v - a wand of flame (30)
 F - a wand of acid (5)
 H - a wand of clouds (5)
 R - a wand of enslavement (8)
 S - a wand of paralysis (16)
 X - a wand of scattershot (6)
Scrolls
 a - a scroll of vulnerability
 g - 9 scrolls of teleportation
 l - 3 scrolls of remove curse
 r - 5 scrolls of fog
 B - 4 scrolls of fear
 D - 2 scrolls of immolation
 E - 3 scrolls of enchant armour
 G - 2 scrolls of torment
 L - a scroll of brand weapon
 O - a scroll of amnesia
 W - a scroll of blinking
Potions
 d - 3 potions of flight
 f - 2 potions of ambrosia
 h - 6 potions of haste
 i - 2 potions of magic
 p - 4 potions of agility
 w - 2 potions of mutation
 z - a potion of resistance
 K - 3 potions of might
 M - a potion of curing
 N - 3 potions of berserk rage
Miscellaneous
 c - a lamp of fire
 u - a phial of floods
 Q - a lamp of fire
Comestibles
 b - 55 rations


   Skills:
 + Level 6.3 Fighting
 - Level 8.1 Dodging
 - Level 1.7 Stealth
 * Level 2.8 Shields
 - Level 9.0 Spellcasting
 + Level 9.2 Conjurations
 + Level 5.5 Charms
 + Level 6.2 Summonings
 + Level 3.6 Necromancy
 * Level 16.1 Ice Magic
 + Level 5.0 Invocations
 + Level 4.0 Evocations


You had 9 spell levels left.
You knew the following spells:

 Your Spells              Type           Power        Failure   Level  Hunger
a - Freeze                Ice            ####         1%          1    None
b - Ozocubu's Armour      Chrm/Ice       ######..     1%          3    None
c - Throw Icicle          Conj/Ice       ######..     1%          4    ##.....
d - Summon Ice Beast      Ice/Summ       ######..     1%          4    ##.....
e - Regeneration          Chrm/Necr      #####.....   5%          3    None
f - Metabolic Englaciati  Hex/Ice        ######....   11%         5    ####...
g - Ensorcelled Hibernat  Hex/Ice        ######       1%          2    None


Dungeon Overview and Level Annotations

Branches:
Dungeon (13/15)            Temple (1/1) D:6            Lair (6/6) D:10
  Swamp (0/4) Lair:2       Spider (0/4) Lair:3        Slime (0/5) Lair:5
    Orc (0/2) D:11
 Vaults: D:13-14

Altars:
Cheibriados
Elyvilon
Fedhas
Hepliaklqana
Kikubaaqudgha
Nemelex Xobeh
Okawaru
Qazlal
Ru
Sif Muna
Trog
Beogh
Jiyva

Shops:
D:6 =

Annotations:
Lair:5 1 runed door


Innate Abilities, Weirdness & Mutations

You can spit globs of acid.
You are resistant to acid.
Your golden yellow scales are hard. (AC +8)
You cannot fit into any form of body armour.
You have acidic saliva.
You are cold-blooded and may be slowed by cold attacks.
Your life essence is reduced to manifest your ancestor. (-10% HP)
You have a pair of small horns on your head.
Your spells are a little harder to cast, but a little more powerful.


Message History

There is a stone staircase leading down, spattered with blood here.
You climb downwards.
The skeletal warrior hits you with a mace of protection!
The skeletal warrior hits you with a flail.
The skeletal warrior barely misses you. x2
The skeletal warrior hits you with a mace of protection!
There is a stone staircase leading up, spattered with blood here.
The skeletal warrior hits you but does no damage.
The skeletal warrior hits you with a mace of protection!!
The skeletal warrior hits you with a flail!
You climb upwards.
There is a stone staircase leading down, spattered with blood here.
The skeletal warrior completely misses you.
The skeletal warrior hits you with a flail!!
* * * LOW HITPOINT WARNING * * *
You feel much better.
The skeletal warrior hits you with a flail.
* * * LOW HITPOINT WARNING * * *
The skeletal warrior hits you from afar with a halberd!!
You die...

.......##...##.......#.....###...
.......####..+.......'.##### #...
.......# ####.......### #...
.......# #####'### #... ##'#####
#...# #... #..# #.### ######
###.### ##.####### ##.....
......# #........# #......
......# #.@......####......
......#########zz......##.'......
......#........>z......##.#......
........#######........##.#......
......### #.......!#..#......
.###### #........#.##...... ..#
#..........####'### #.#
#........### #..## #.# ####.#####
##...


You could see 3 skeletal warriors.

Vanquished Creatures
  Gastronok (Lair:1)
  A stone giant (Volcano)
  A minotaur (Lab)
  6 hydras
  An anaconda (Lair:6)
  8 two-headed ogres
  Urug (D:12)
  An orb spider (Lair:3)
  A cyclops (D:13)
  4 elephants
  A manticore (D:12)
  5 torpor snails
  A black mamba (Lair:2)
  4 centaur skeletons
  2 gargoyles
  2 rime drakes (Lair:6)
  5 spiny frogs
  A kobold demonologist (D:11)
  An efreet (Volcano)
  A demonic crawler (D:13)
  7 komodo dragons
  7 polar bears
  8 dream sheep
  9 blink frogs
  A hippogriff (Lair:1)
  A raiju (Lair:6)
  9 yaks
  A wraith (D:12)
  3 wyverns
  4 fire elementals (Volcano)
  A hog (D:9)
  A steam dragon (Lair:6)
  3 vampire mosquitoes (D:13)
  2 wargs (D:10)
  6 hell hounds (Lair:6)
  5 water moccasins
  5 porcupines
  3 swamp drakes (Lair:6)
  7 orc warriors
  9 black bears
  A phantom (D:10)
  A hornet zombie (D:9)
  2 ice beasts (D:6)
  7 ogres
  4 centaurs
  10 wolves
  5 crocodiles
  A big kobold (D:6)
  9 bullfrogs
  A gnoll sergeant (D:9)
  3 scorpions
  5 killer bees
  A wight (D:10)
  2 howler monkeys
  An electric eel (Lair:1)
  6 crimson imps
  6 orc priests
  3 hounds
  3 jellies
  A bullfrog skeleton (D:11)
  Ijyb (D:5)
  4 iguanas
  7 orc wizards
  6 worker ants
  A hound zombie (D:8)
  2 hound skeletons
  A howler monkey zombie (D:10)
  11 gnolls
  A howler monkey skeleton (D:4)
  8 adders
  2 oozes
  An adder skeleton (D:8)
  2 worms
  2 dart slugs
  6 leopard geckos
  35 orcs
  3 giant cockroaches
  9 goblins
  12 hobgoblins
  8 jackals
  4 quokkas
  2 ball pythons
  13 bats
  5 frilled lizards
  38 kobolds
  4 rats
  A plant (Lair:6)
401 creatures vanquished.

Vanquished Creatures (collateral kills)
  The ghost of Amon001 the Thaumaturge, a journeyman GnSk of Okawaru (Lair:2)
  A fire dragon (Lair:6)
  A catoblepas (Lair:3)
  2 two-headed ogres
  Sonja (D:11)
  A skeletal warrior (D:12)
  An unseen horror (D:12)
  A swamp dragon (Lair:6)
  4 ugly things
  A centaur zombie (D:12)
  3 elephants
  Joseph (Lair:1)
  2 spiny frogs (Lair:2)
  A black mamba (Lair:4)
  A kobold demonologist (D:11)
  A demonic crawler (D:13)
  2 komodo dragons
  2 rime drakes (Lair:6)
  7 polar bears
  The ghost of skk the Shield-Bearer, an amateur FoFi of Okawaru (D:4)
  A hornet (D:9)
  4 hippogriffs
  A raiju (Lair:6)
  6 blink frogs
  2 dream sheep
  A wyvern (Lair:4)
  3 basilisks (Lair:6)
  2 vampires (D:12)
  11 yaks
  2 hogs (D:9)
  A human (D:9)
  A fire elemental (Volcano)
  2 hungry ghosts (D:12)
  A vampire mosquito (D:13)
  7 wargs
  7 hell hounds (Lair:6)
  A water moccasin (Lair:2)
  2 porcupines
  9 black bears
  An eye of draining (D:11)
  An orc warrior (D:11)
  2 ogres (D:8)
  A necrophage (D:12)
  8 wolves
  An ice beast (D:8)
  2 centaurs (D:11)
  A big kobold (D:13)
  10 crocodiles
  4 bullfrogs
  A wyvern zombie (D:9)
  A scorpion (D:10)
  8 wights
  A howler monkey (D:8)
  2 crimson imps
  A quasit (D:9)
  A bullfrog zombie (D:10)
  3 jellies
  2 hounds
  A bullfrog skeleton (D:12)
  A centaur skeleton (D:12)
  4 orc wizards
  2 iguanas
  2 worker ants (D:7)
  A gnoll (D:9)
  A shadow imp (D:9)
  A leopard gecko (D:7)
  13 orcs
  A giant cockroach (D:6)
  3 goblins
  A jackal (D:8)
  2 quokkas
  12 kobolds
195 creatures vanquished.

Vanquished Creatures (others)
  4 knights
  10 ancestors
  An orc (D:9)
  3 fungi
  13 plants
31 creatures vanquished.

Grand Total: 627 creatures vanquished

Notes
Turn   | Place    | Note
-------+----------+-------------------------------------------
     0 | D:1      | Inarius the Draconian Ice Elementalist began the quest for the Orb.
     0 | D:1      | Reached XP level 1. HP: 14/14 MP: 3/3
   156 | D:1      | Reached XP level 2. HP: 20/20 MP: 5/5
   967 | D:2      | Reached XP level 3. HP: 6/26 MP: 3/6
   993 | D:2      | Reached skill level 4 in Ice Magic
  1249 | D:2      | Found a bloodstained altar of Trog.
  1688 | D:2      | Reached XP level 4. HP: 34/34 MP: 7/7
  1699 | D:2      | Learned a level 3 spell: Ozocubu's Armour
  2577 | D:3      | Reached XP level 5. HP: 17/39 MP: 7/9
  2752 | D:2      | Reached skill level 5 in Ice Magic
  3547 | D:2      | Reached skill level 1 in Fighting
  3784 | D:3      | Learned a level 4 spell: Throw Icicle
  3943 | D:4      | Noticed skk's ghost (amateur FoFi)
  4064 | D:4      | Found an ancient bone altar of Kikubaaqudgha.
  4065 | D:4      | Found a blossoming altar of Fedhas.
  4304 | D:3      | Reached skill level 1 in Charms
  4493 | D:4      | Reached XP level 6. HP: 33/47 MP: 8/10
  5268 | D:5      | Entered Level 5 of the Dungeon
  5320 | D:5      | Reached skill level 6 in Ice Magic
  5320 | D:5      | Your scales start taking on a golden yellow colour.
  5320 | D:5      | Reached XP level 7. HP: 48/52 MP: 9/12
  5519 | D:5      | Noticed Ijyb
  5527 | D:5      | Killed Ijyb
  5983 | D:5      | Found a snail-covered altar of Cheibriados.
  6231 | D:6      | Learned a level 4 spell: Summon Ice Beast
  6753 | D:6      | Reached XP level 8. HP: 34/61 MP: 10/14
  6974 | D:6      | Reached skill level 7 in Ice Magic
  7203 | D:6      | Reached skill level 5 in Spellcasting
  7438 | D:6      | Found a staircase to the Ecumenical Temple.
  7449 | Temple   | Entered the Ecumenical Temple
  7470 | Temple   | Became a worshipper of Hepliaklqana the Forgotten
  7689 | D:6      | Found a bloodstained altar of Trog.
  7899 | D:6      | Found Zeopto's Jewellery Emporium.
  7955 | D:6      | Reached skill level 8 in Ice Magic
  8175 | D:7      | Noticed a two-headed ogre
  8183 | D:7      | Killed a two-headed ogre
  8183 | D:7      | Reached XP level 9. HP: 24/61 MP: 2/17
  8656 | D:4      | Killed skk's ghost
  8656 | D:4      | Reached skill level 9 in Ice Magic
  9067 | D:5      | Found an iron altar of Okawaru.
  9067 | D:5      | Found a sacrificial altar of Ru.
  9348 | D:7      | Reached * piety under Hepliaklqana
  9868 | D:8      | Noticed a two-headed ogre
  9875 | D:8      | Killed a two-headed ogre
  9875 | D:8      | Reached skill level 5 in Conjurations
  9875 | D:8      | Reached skill level 1 in Summonings
  9904 | D:8      | Learned a level 3 spell: Regeneration
 10261 | D:8      | Reached XP level 10. HP: 52/67 MP: 6/20
 10704 | D:8      | Noticed a two-headed ogre
 10710 | D:8      | Killed a two-headed ogre
 10710 | D:8      | Reached skill level 5 in Dodging
 10843 | D:9      | Reached ** piety under Hepliaklqana
 10847 | D:9      | Paralysed by a hornet for 3 turns
 10910 | D:9      | Found a sparkling altar of Nemelex Xobeh.
 11077 | D:9      | Noticed a two-headed ogre
 11222 | D:9      | Found a stormy altar of Qazlal.
 11602 | D:9      | Noticed a two-headed ogre
 11623 | D:9      | Reached skill level 10 in Ice Magic
 11669 | D:9      | Killed a two-headed ogre
 11669 | D:9      | Reached skill level 1 in Necromancy
 11839 | D:10     | Entered Level 10 of the Dungeon
 12024 | D:9      | Killed a two-headed ogre
 12097 | D:10     | Reached XP level 11. HP: 59/73 MP: 9/22
 12481 | D:10     | Found a staircase to the Lair.
 13022 | D:10     | Noticed a two-headed ogre
 13028 | D:10     | Killed a two-headed ogre
 13028 | D:10     | Reached skill level 11 in Ice Magic
 13040 | D:10     | Reached *** piety under Hepliaklqana
 13098 | D:10     | Noticed a two-headed ogre
 13104 | D:10     | Killed a two-headed ogre
 13262 | D:10     | Noticed a two-headed ogre
 13271 | D:10     | Killed a two-headed ogre
 13535 | D:11     | Noticed Sonja
 13547 | D:11     | Killed Sonja
 13569 | D:11     | Noticed a brown ugly thing
 13583 | D:11     | Killed a brown ugly thing
 13768 | D:11     | Noticed a two-headed ogre
 13773 | D:11     | Killed a two-headed ogre
 13773 | D:11     | Reached skill level 12 in Ice Magic
 13813 | D:11     | Noticed a red ugly thing
 13833 | D:11     | Killed a red ugly thing
 13835 | D:11     | Remembered your ancestor Onaxys as a knight
 13973 | D:11     | Found a staircase to the Orcish Mines.
 14031 | D:11     | Found a roughly hewn altar of Beogh.
 14082 | D:11     | Reached skill level 1 in Invocations
 14127 | D:11     | Noticed a purple ugly thing
 14144 | D:11     | Killed a purple ugly thing
 14237 | D:11     | Reached XP level 12. HP: 58/81 MP: 19/24
 14550 | D:12     | Noticed a six-headed hydra
 14554 | D:12     | Killed a six-headed hydra
 14672 | D:12     | Reached **** piety under Hepliaklqana
 14679 | D:12     | Noticed Urug
 14703 | D:12     | Killed Urug
 14855 | D:12     | Reached skill level 5 in Summonings
 14866 | D:12     | Found a flagged portal.
 14879 | Bailey   | Entered a bailey
 15587 | D:12     | Noticed a two-headed ogre
 15592 | D:12     | Killed a two-headed ogre
 15592 | D:12     | Reached skill level 13 in Ice Magic
 15958 | D:13     | Noticed an eight-headed hydra
 15965 | D:13     | Killed an eight-headed hydra
 15965 | D:13     | Reached skill level 5 in Charms
 16288 | Lair:1   | Entered Level 1 of the Lair of Beasts
 16462 | Lair:1   | Noticed a six-headed hydra
 16466 | Lair:1   | Killed a six-headed hydra
 16491 | Lair:1   | Noticed Joseph
 16514 | Lair:1   | Killed Joseph
 16514 | Lair:1   | Reached skill level 5 in Invocations
 16595 | Lair:1   | Found a snail-covered altar of Cheibriados.
 16683 | Lair:1   | Reached skill level 5 in Fighting
 16703 | Lair:1   | Reached ***** piety under Hepliaklqana
 16722 | Lair:1   | Reached XP level 13. HP: 89/89 MP: 15/25
 16792 | Lair:1   | Noticed Gastronok
 16803 | Lair:1   | Killed Gastronok
 16803 | Lair:1   | Reached skill level 14 in Ice Magic
 16803 | Lair:1   | Reached skill level 1 in Evocations
 17483 | Lair:1   | You fall through a shaft!
 17556 | Lair:2   | Found a dark tunnel.
 17564 | Volcano  | Entered a volcano
 17754 | Volcano  | Noticed a stone giant
 17780 | Volcano  | Killed a stone giant
 18074 | Lair:2   | Found a staircase to the Swamp.
 18389 | Lair:2   | Noticed Amon001's ghost (journeyman GnSk)
 18403 | Lair:2   | Killed Amon001's ghost
 18467 | Lair:3   | Learned a level 5 spell: Metabolic Englaciation
 18620 | Lair:3   | Found a hole to the Spider Nest.
 18694 | Lair:3   | Found a labyrinth entrance.
 18702 | Lab      | Entered a labyrinth
 18992 | Lab      | Noticed a minotaur
 18997 | Lab      | Killed a minotaur
 19347 | Lair:3   | Reached skill level 15 in Ice Magic
 19545 | Lair:3   | Identified the Papyrus of Execration
 20195 | Lair:4   | Reached ****** piety under Hepliaklqana
 20349 | Lair:4   | Gained mutation: You have acidic saliva. [Yellow Draconian growth]
 20349 | Lair:4   | Reached XP level 14. HP: 70/97 MP: 12/26
 20361 | Lair:4   | Gained mutation: Your spells are a little harder to cast, but a little more powerful. [potion of mutation]
 20361 | Lair:4   | Gained mutation: You have a pair of small horns on your head. [potion of mutation]
 20455 | Lair:4   | Learned a level 2 spell: Ensorcelled Hibernation
 20836 | Lair:5   | Found a runed door.
 20839 | Lair:5   | Found a viscous altar of Jiyva.
 20841 | Lair:5   | Noticed an azure jelly
 20924 | Lair:5   | Noticed an azure jelly
 20925 | Lair:5   | Found a staircase to the Slime Pits.
 21470 | Lair:5   | You fall through a shaft!
 21470 | Lair:6   | Entered Level 6 of the Lair of Beasts
 21898 | Lair:6   | Reached skill level 1 in Shields
 22594 | Lair:6   | Reached skill level 16 in Ice Magic
 23569 | D:12     | Slain by a skeletal warrior

Skill      XL: |  1  2  3  4  5  6  7  8  9 10 11 12 13 14 |
---------------+-------------------------------------------+-----
Dodging        | 2 3 4 5 6 7 8 |  8.1
Ice Magic      | 4 5 6 8 9 10 12 13 15 16 | 16.1
Fighting       | 1 2 3 4 5 6 |  6.3
Spellcasting   | 3 4 5 6 7 8 9 |  9.0
Charms         | 1 2 3 4 5 |  5.5
Conjurations   | 2 4 5 6 7 8 9 |  9.2
Summonings     | 2 3 4 5 6 |  6.2
Necromancy     | 1 2 3 |  3.6
Invocations    | 2 5 |  5.0
Evocations     | 3 4 |  4.0
Shields        | 2 |  2.8
Stealth        | |  1.7

Action                   |  1- 3 |  4- 6 |  7- 9 | 10-12 | 13-15 || total
-------------------------+-------+-------+-------+-------+-------++-------
Melee: Whip              |    95 |   137 |   245 |   329 |   365 ||  1171
       Tailslap          |    10 |    14 |    26 |    46 |    43 ||   139
       Dagger            |       |       |    31 |   156 |       ||   187
       Headbutt          |       |       |       |       |    35 ||    35
       Bite              |       |       |       |       |    14 ||    14
 Cast: Freeze            |    21 |    49 |    59 |     3 |       ||   132
       Ozocubu's Armour  |       |    10 |    13 |    30 |    28 ||    81
       Throw Icicle      |       |       |    19 |   159 |   210 ||   388
       Regeneration      |       |       |     1 |    54 |    43 ||    98
       Summon Ice Beast  |       |       |       |    48 |    26 ||    74
Invok: Ancestor Identity |       |       |     1 |       |       ||     1
       Recall Ancestor   |       |       |     1 |     3 |     3 ||     7
       Transference      |       |       |       |     1 |       ||     1
       Ancestor Life: Kn |       |       |       |     1 |       ||     1
 Abil: Breathe Acid      |       |       |       |       |     2 ||     2
  Use: Scroll            |     3 |     3 |     5 |    20 |     5 ||    36
       Potion            |       |       |       |     7 |     4 ||    11
 Stab: Sleeping          |       |       |     1 |     1 |     2 ||     4
       Distracted        |       |       |       |     7 |     5 ||    12
  Eat: Chunk             |     3 |    12 |    16 |    34 |    28 ||    93
       Ration            |       |       |     1 |     2 |     3 ||     6
Armor: Skin              |    51 |    52 |    96 |   225 |   255 ||   679
Dodge: Dodged            |    93 |   128 |   194 |   467 |   410 ||  1292
Block: Buckler           |       |       |       |       |    44 ||    44
